| TOP OF THE 1ST |
|
UCLA Bruins batting - Pitching for Stanford University Cardinal : RHP Noël Antuofermo
|
|
Pitching: RHP Noël Antuofermo
|
|
|
Batting: LHB Mark Cummings
|
0-0: Ball 1-0: Ball 2-0: SINGLE (Groundball, 6, EV 99.4 MPH)
|
|
Batting: LHB Young-lau Seow
|
0-0: Called Strike Mark Cummings steals 2nd base 0-1: Ground out 4-3 (Groundball, 34D, EV 83.1 MPH) Mark Cummings to third
|
|
Batting: RHB Issac Konol
|
0-0: Called Strike 0-1: Swinging Strike 0-2: Ball 1-2: Ball 2-2: Strikes out swinging
|
|
Batting: RHB Ethan Krause
|
0-0: Called Strike 0-1: Ball 1-1: Fly out, F8 (Line Drive, 89M, EV 106.9 MPH)
|
| Top of the 1st over - 0 runs, 1 hit, 0 errors, 1 left on base; UCLA 0 - Stanford University 0 |
| BOTTOM OF THE 1ST |
|
Stanford University Cardinal batting - Pitching for UCLA Bruins : LHP Tyler Finn
|
|
Pitching: LHP Tyler Finn
|
|
|
Batting: RHB John Van der Linden
|
0-0: Ball 1-0: Ball 2-0: Ball 3-0: Called Strike 3-1: Fly out, F7 (Flyball, 7, EV 91.2 MPH)
|
|
Batting: RHB Bobby Orantez
|
0-0: Called Strike 0-1: Fly out, F9 (Flyball, 89S, EV 96.2 MPH)
|
|
Batting: LHB Donny Kleinjan
|
0-0: Called Strike 0-1: Ball 1-1: SINGLE (Groundball, 6MD, EV 103.8 MPH) (infield hit)
|
|
Batting: RHB Joe Petley
|
0-0: Foul Ball, location: 2F 0-1: Foul Ball, location: 2F 0-2: Foul Ball, location: 2F 0-2: Foul Ball, location: 2F 0-2: Fielders Choice at 2nd, 6-4 (Groundball, 6, EV 81.9 MPH)
|
| Bottom of the 1st over - 0 runs, 1 hit, 0 errors, 1 left on base; UCLA 0 - Stanford University 0 |
| TOP OF THE 2ND |
|
UCLA Bruins batting - Pitching for Stanford University Cardinal : RHP Noël Antuofermo
|
|
Batting: RHB Dave Spradley
|
0-0: Called Strike 0-1: DOUBLE (Flyball, 8LXD, EV 110.0 MPH)
|
|
Batting: LHB Scott Mullett
|
0-0: Swinging Strike 0-1: Foul Ball, location: 2F 0-2: Ground out U3 (Groundball, 34S, EV 88.1 MPH) Dave Spradley to third
|
|
Batting: SHB Mike Beck
|
0-0: Ball 1-0: SINGLE (Groundball, 6D, EV 101.9 MPH) Dave Spradley scores
|
|
Batting: RHB Michael Alvarado
|
0-0: Called Strike 0-1: Fly out, F9 (Flyball, 9D, EV 84.4 MPH)
|
|
Batting: SHB Steve Fouhy
|
0-0: Ball 1-0: Ball 2-0: Foul Ball, location: 2F 2-1: Ball 3-1: Called Strike 3-2: Foul Ball, location: 2F 3-2: Base on Balls Mike Beck to second
|
|
Batting: LHB Mark Cummings
|
0-0: Ball 1-0: Ball 2-0: Ball 3-0: Called Strike 3-1: Fly out, F8 (Flyball, 8RD, EV 102.5 MPH)
|
| Top of the 2nd over - 1 run, 2 hits, 0 errors, 2 left on base; UCLA 1 - Stanford University 0 |
| BOTTOM OF THE 2ND |
|
Stanford University Cardinal batting - Pitching for UCLA Bruins : LHP Tyler Finn
|
|
Batting: RHB Dzevat Koljevic
|
0-0: Ball 1-0: Ball 2-0: SINGLE (Line Drive, 34D, EV 111.2 MPH)
|
|
Batting: RHB Gary Preston
|
Pickoff Throw to First - Out! 1-3 0-0: Ball 1-0: Foul Ball, location: 2F 1-1: Foul Ball, location: 2F 1-2: Strikes out swinging
|
|
Batting: RHB Josh Benefield
|
0-0: Fly out, F8 (Line Drive, 8LM, EV 104.4 MPH)
|
| Bottom of the 2nd over - 0 runs, 1 hit, 0 errors, 0 left on base; UCLA 1 - Stanford University 0 |
| TOP OF THE 3RD |
|
UCLA Bruins batting - Pitching for Stanford University Cardinal : RHP Noël Antuofermo
|
|
Batting: LHB Young-lau Seow
|
0-0: Foul Ball, location: 2F 0-1: Ball 1-1: Swinging Strike 1-2: Ball 2-2: Ball 3-2: Strikes out swinging
|
|
Batting: RHB Issac Konol
|
0-0: Ball 1-0: Ball 2-0: Swinging Strike 2-1: Ground out U3 (Groundball, 3S, EV 81.9 MPH)
|
|
Batting: RHB Ethan Krause
|
0-0: Ball 1-0: Called Strike 1-1: Fly out, F7 (Flyball, 7S, EV 85.0 MPH)
|
| Top of the 3rd over - 0 runs, 0 hits, 0 errors, 0 left on base; UCLA 1 - Stanford University 0 |
| BOTTOM OF THE 3RD |
|
Stanford University Cardinal batting - Pitching for UCLA Bruins : LHP Tyler Finn
|
|
Batting: RHB Erwin Young
|
0-0: Ball 1-0: Ball 2-0: Ball 3-0: Base on Balls
|
|
Batting: LHB Mike Keating
|
0-0: Ball 1-0: Ball 2-0: Called Strike 2-1: Fielders Choice at 2nd, 4-6 (Groundball, 34, EV 79.4 MPH)
|
|
Batting: RHB John Van der Linden
|
0-0: Grounds into double play, 5-4-3 (Groundball, 5, EV 101.9 MPH)
|
| Bottom of the 3rd over - 0 runs, 0 hits, 0 errors, 0 left on base; UCLA 1 - Stanford University 0 |
| TOP OF THE 4TH |
|
UCLA Bruins batting - Pitching for Stanford University Cardinal : RHP Noël Antuofermo
|
|
Batting: RHB Dave Spradley
|
0-0: Swinging Strike 0-1: Ball 1-1: Swinging Strike 1-2: Ball 2-2: SINGLE (Line Drive, 4M, EV 95.6 MPH)
|
|
Batting: LHB Scott Mullett
|
0-0: Fly out, F6 (Popup, 6MS, EV 71.9 MPH)
|
|
Batting: SHB Mike Beck
|
0-0: Ball 1-0: Grounds into double play, 4-6-3 (Groundball, 34, EV 83.1 MPH)
|
| Top of the 4th over - 0 runs, 1 hit, 0 errors, 0 left on base; UCLA 1 - Stanford University 0 |
| BOTTOM OF THE 4TH |
|
Stanford University Cardinal batting - Pitching for UCLA Bruins : LHP Tyler Finn
|
|
Batting: RHB Bobby Orantez
|
0-0: Ball 1-0: Fly out, F8 (Flyball, 8LD, EV 102.5 MPH)
|
|
Batting: LHB Donny Kleinjan
|
0-0: Called Strike 0-1: Ball 1-1: Ball 2-1: Foul Ball, location: 2F 2-2: Ball 3-2: Strikes out swinging
|
|
Batting: RHB Joe Petley
|
0-0: Ball 1-0: Ball 2-0: Called Strike 2-1: Ball 3-1: Foul Ball, location: 2F 3-2: Base on Balls
|
|
Batting: RHB Dzevat Koljevic
|
0-0: Called Strike 0-1: Called Strike 0-2: Ball 1-2: Foul Ball, location: 2F 1-2: Ball 2-2: Strikes out looking
|
| Bottom of the 4th over - 0 runs, 0 hits, 0 errors, 1 left on base; UCLA 1 - Stanford University 0 |
| TOP OF THE 5TH |
|
UCLA Bruins batting - Pitching for Stanford University Cardinal : RHP Noël Antuofermo
|
|
Batting: RHB Michael Alvarado
|
0-0: Called Strike 0-1: Swinging Strike 0-2: Ball 1-2: Foul Ball, location: 2F 1-2: Ball 2-2: Ball 3-2: Base on Balls
|
|
Batting: SHB Steve Fouhy
|
0-0: Ball 1-0: Foul Ball, location: 2F 1-1: Swinging Strike 1-2: Strikes out swinging
|
|
Batting: LHB Mark Cummings
|
0-0: Called Strike 0-1: Fly out, F7 (Flyball, 78M, EV 87.5 MPH)
|
|
Batting: LHB Young-lau Seow
|
0-0: Called Strike 0-1: Foul Ball, location: 2F 0-2: Ball 1-2: Ball 2-2: Ball 3-2: Foul Ball, location: 2F 3-2: Foul Ball, location: 2F 3-2: Foul Ball, location: 2F 3-2: Fly out, F7 (Flyball, 7LM, EV 107.5 MPH)
|
| Top of the 5th over - 0 runs, 0 hits, 0 errors, 1 left on base; UCLA 1 - Stanford University 0 |
| BOTTOM OF THE 5TH |
|
Stanford University Cardinal batting - Pitching for UCLA Bruins : LHP Tyler Finn
|
|
Batting: RHB Gary Preston
|
0-0: Called Strike 0-1: Foul Ball, location: 2F 0-2: Ball 1-2: Ground out U3 (Groundball, 3, EV 98.8 MPH)
|
|
Batting: RHB Josh Benefield
|
0-0: Swinging Strike 0-1: Foul Ball, location: 2F 0-2: SINGLE (Groundball, P, EV 86.2 MPH) (infield hit)
|
|
Batting: RHB Erwin Young
|
0-0: Fly out, F8 (Flyball, 78D, EV 105.6 MPH)
|
|
Batting: LHB Mike Keating
|
0-0: Called Strike 0-1: Fielders Choice at 2nd, 5-4 (Groundball, 56, EV 88.1 MPH)
|
| Bottom of the 5th over - 0 runs, 1 hit, 0 errors, 1 left on base; UCLA 1 - Stanford University 0 |
| TOP OF THE 6TH |
|
UCLA Bruins batting - Pitching for Stanford University Cardinal : RHP Noël Antuofermo
|
|
Batting: RHB Issac Konol
|
0-0: Called Strike 0-1: Foul Ball, location: 2F 0-2: Foul Ball, location: 2F 0-2: Strikes out swinging
|
|
Batting: RHB Ethan Krause
|
0-0: Ball 1-0: Ball 2-0: Foul Ball, location: 2F 2-1: Ball 3-1: SINGLE (Groundball, 56D, EV 106.2 MPH)
|
|
Batting: RHB Dave Spradley
|
0-0: Called Strike 0-1: Ball 1-1: DOUBLE (Line Drive, 9LS, EV 115.0 MPH) Ethan Krause to third
|
|
Batting: LHB Scott Mullett
|
0-0: Ball 1-0: Ball 2-0: Ball 3-0: Base on Balls
|
|
Batting: SHB Mike Beck
|
0-0: Called Strike 0-1: Grounds into fielders choice 3-2 (Groundball, 3, EV 81.9 MPH) Dave Spradley to third Scott Mullett to second
|
|
Batting: RHB Michael Alvarado
|
0-0: Reached on error, E3 (Groundball, 13, EV 83.1 MPH) Dave Spradley scores Scott Mullett to third Mike Beck to second
|
|
Batting: SHB Steve Fouhy
|
0-0: Called Strike 0-1: Foul Ball, location: 2F 0-2: Strikes out swinging
|
| Top of the 6th over - 1 run, 2 hits, 1 error, 3 left on base; UCLA 2 - Stanford University 0 |
| BOTTOM OF THE 6TH |
|
Stanford University Cardinal batting - Pitching for UCLA Bruins : LHP Tyler Finn
|
|
Batting: RHB John Van der Linden
|
0-0: Ball 1-0: Foul Ball, location: 2F 1-1: Fly out, F8 (Flyball, 8RM, EV 91.2 MPH)
|
|
Batting: RHB Bobby Orantez
|
0-0: Ball 1-0: Swinging Strike 1-1: Ground out 5-3 (Groundball, 56S, EV 69.4 MPH)
|
|
Batting: LHB Donny Kleinjan
|
0-0: Ball 1-0: Fly out, F9 (Flyball, 9D, EV 93.1 MPH)
|
| Bottom of the 6th over - 0 runs, 0 hits, 0 errors, 0 left on base; UCLA 2 - Stanford University 0 |
| TOP OF THE 7TH |
|
UCLA Bruins batting - Pitching for Stanford University Cardinal : RHP Noël Antuofermo
|
|
Pitching: RHP Andy Swan
|
|
|
Batting: LHB Mark Cummings
|
0-0: Foul Ball, location: 2F 0-1: Ball 1-1: Ground out 4-3 (Groundball, 4, EV 87.5 MPH)
|
|
Batting: LHB Young-lau Seow
|
0-0: Ball 1-0: Fly out, F8 (Flyball, 8RM, EV 88.1 MPH)
|
|
Batting: RHB Issac Konol
|
0-0: Ball 1-0: Called Strike 1-1: Fly out, F9 (Flyball, 9D, EV 95.6 MPH)
|
| Top of the 7th over - 0 runs, 0 hits, 0 errors, 0 left on base; UCLA 2 - Stanford University 0 |
| BOTTOM OF THE 7TH |
|
Stanford University Cardinal batting - Pitching for UCLA Bruins : LHP Tyler Finn
|
|
Batting: RHB Joe Petley
|
0-0: Foul Ball, location: 2F 0-1: Called Strike 0-2: SINGLE (Flyball, 6D, EV 91.2 MPH)
|
|
Batting: RHB Dzevat Koljevic
|
0-0: Called Strike 0-1: Grounds into double play, 6-4-3 (Groundball, 6, EV 83.1 MPH)
|
|
Batting: RHB Gary Preston
|
0-0: Ball 1-0: Fly out, F7 (Flyball, 78M, EV 91.9 MPH)
|
| Bottom of the 7th over - 0 runs, 1 hit, 0 errors, 0 left on base; UCLA 2 - Stanford University 0 |
| TOP OF THE 8TH |
|
UCLA Bruins batting - Pitching for Stanford University Cardinal : RHP Andy Swan
|
|
Pitching: RHP Dante Verduzco
|
|
|
Batting: LHB Marcus Finch
|
0-0: Ground out 6-3 (Groundball, 6M, EV 91.9 MPH)
|
|
Batting: RHB Dave Spradley
|
0-0: Fly out, F7 (Flyball, 7LD, EV 98.8 MPH)
|
|
Batting: LHB Scott Mullett
|
0-0: Ball 1-0: Called Strike 1-1: Ball 2-1: Ground out 6-3 (Groundball, 6, EV 110.6 MPH)
|
| Top of the 8th over - 0 runs, 0 hits, 0 errors, 0 left on base; UCLA 2 - Stanford University 0 |
| BOTTOM OF THE 8TH |
|
Stanford University Cardinal batting - Pitching for UCLA Bruins : LHP Tyler Finn
|
|
Batting: RHB Josh Benefield
|
0-0: Called Strike 0-1: Ball 1-1: Ball 2-1: Swinging Strike 2-2: Foul Ball, location: 2F 2-2: Ground out 5-3 (Groundball, 5, EV 83.8 MPH)
|
|
Pinch Hitting: SHB Philippe Huff
|
0-0: Called Strike 0-1: Ball 1-1: Called Strike 1-2: Foul Ball, location: 2F 1-2: Ball 2-2: Foul Ball, location: 2F 2-2: Strikes out swinging
|
|
Pinch Hitting: RHB Eric McDonald
|
0-0: Called Strike 0-1: Ball 1-1: SINGLE (Line Drive, 9LS, EV 93.8 MPH)
|
|
Pitching: LHP Honor Munoz
|
|
|
Batting: RHB John Van der Linden
|
0-0: Ground out 5-3 (Groundball, 56S, EV 70.0 MPH)
|
| Bottom of the 8th over - 0 runs, 1 hit, 0 errors, 1 left on base; UCLA 2 - Stanford University 0 |
| TOP OF THE 9TH |
|
UCLA Bruins batting - Pitching for Stanford University Cardinal : RHP Dante Verduzco
|
|
Now at SS: Philippe Huff
|
|
|
Now in LF: Eric McDonald
|
|
|
Batting: SHB Mike Beck
|
0-0: Ball 1-0: Ball 2-0: Ball 3-0: Called Strike 3-1: Foul Ball, location: 2F 3-2: Fly out, F7 (Flyball, 7S, EV 85.6 MPH)
|
|
Batting: RHB Michael Alvarado
|
0-0: Swinging Strike 0-1: Called Strike 0-2: Fly out, F5 (Line Drive, 5L, EV 68.1 MPH)
|
|
Batting: SHB Steve Fouhy
|
0-0: Ball 1-0: Called Strike 1-1: Ball 2-1: SOLO HOME RUN (Flyball, 89XD, EV 108.1 MPH), Distance : 421 ft
|
|
Batting: LHB Mark Cummings
|
0-0: Ball 1-0: Ground out 6-3 (Groundball, 6, EV 83.8 MPH)
|
| Top of the 9th over - 1 run, 1 hit, 0 errors, 0 left on base; UCLA 3 - Stanford University 0 |
| BOTTOM OF THE 9TH |
|
Stanford University Cardinal batting - Pitching for UCLA Bruins : LHP Honor Munoz
|
|
Pitching: RHP Kyle Mann
|
|
|
Batting: RHB Bobby Orantez
|
0-0: Ball 1-0: Called Strike 1-1: Ball 2-1: Ball 3-1: Fly out, F7 (Flyball, 7, EV 94.4 MPH)
|
|
Batting: LHB Donny Kleinjan
|
0-0: Foul Ball, location: 2F 0-1: Ball 1-1: Ball 2-1: Ball 3-1: Swinging Strike 3-2: Ground out 4-3 (Groundball, 4, EV 84.4 MPH)
|
|
Batting: RHB Ricky Medina
|
0-0: Ball 1-0: Called Strike 1-1: SINGLE (Flyball, 8LS, EV 101.2 MPH)
|
|
Batting: RHB Dzevat Koljevic
|
0-0: Ground out U3 (Groundball, 3L, EV 87.5 MPH)
|
| Bottom of the 9th over - 0 runs, 1 hit, 0 errors, 1 left on base; UCLA 3 - Stanford University 0 |
|